 Dungeon Crawl Stone Soup version 0.21.0-37-g46506fa (webtiles) character file.

98 garbagetei the Charmwright (level 4, -18/38 HPs)
             Began as a Gnoll Skald on Feb 1, 2018.
             Killed from afar by Feta's ghost (19 damage)
             ... with a stone arrow
             ... on level 3 of the Dungeon.
             The game lasted 00:03:48 (2299 turns).

garbagetei the Charmwright (Gnoll Skald)            Turns: 2299, Time: 00:03:49

Health: -18/38     AC:  4    Str: 14    XL:     4   Next: 69%
Magic:  11/11      EV: 14    Int: 15    God:
Gold:   82         SH:  0    Dex: 15    Spells: 12/13 levels left

rFire    . . .     SeeInvis .   a - +0 falchion
rCold    . . .     Gourm    .   (no shield)
rNeg     . . .     Faith    .   b - +0 leather armour
rPois    .         Spirit   .   (no helmet)
rElec    .         Reflect  .   k - +0 cloak
rCorr    +         Harm     .   (no gloves)
MR       .....                  (no boots)
Stlth    ++........             (no amulet)
HPRegen  0.12/turn              m - ring of resist corrosion
MPRegen  0.12/turn              (no ring)

@: no status effects
A: distributed training, fangs 1, strong nose
a: no special abilities


You were on level 3 of the Dungeon.
You were hungry.

You visited 1 branch of the dungeon, and saw 3 of its levels.

You collected 82 gold pieces.

Inventory:

Hand Weapons
 a - a +0 falchion (weapon)
 r - a -2 dagger
Missiles
 s - 3 javelins (quivered)
Armour
 b - a +0 leather armour (worn)
 g - a +1 chain mail of cold resistance
 k - a +0 cloak (worn)
Jewellery
 m - a ring of resist corrosion (left hand)
Scrolls
 e - 2 scrolls of teleportation {unknown}
 h - 2 scrolls of identify {unknown}
 l - 3 scrolls of remove curse
 n - a scroll of enchant armour {unknown}
 q - a scroll of amnesia {unknown}
Potions
 f - 2 potions of brilliance {unknown}
 i - 4 potions of curing
 j - 2 potions of invisibility {unknown}
 o - a potion of cancellation {unknown}
 p - 3 potions of heal wounds {unknown}
Books
 c - a book of Battle

   Spells                             Type                      Level
   a - Infusion                       Charms                       1
   b - Shroud of Golubria             Charms/Translocation         2
   c - Song of Slaying                Charms                       2
   d - Spectral Weapon                Hexes/Charms                 3
   e - Regeneration                   Charms/Necromancy            3
Comestibles
 d - 5 rations


   Skills:
 + Level 4.6 Fighting
 + Level 1.2 Short Blades
 + Level 4.6 Long Blades
 + Level 1.2 Axes
 + Level 1.2 Maces & Flails
 + Level 1.2 Polearms
 + Level 1.2 Staves
 + Level 1.2 Slings
 + Level 1.2 Bows
 + Level 1.2 Crossbows
 + Level 1.2 Throwing
 + Level 2.8 Armour
 + Level 4.6 Dodging
 + Level 1.2 Stealth
 + Level 1.2 Shields
 + Level 1.2 Unarmed Combat
 + Level 5.1 Spellcasting
 + Level 1.0 Conjurations
 + Level 1.0 Hexes
 + Level 5.5 Charms
 + Level 1.0 Summonings
 + Level 1.0 Necromancy
 + Level 1.0 Translocations
 + Level 1.0 Transmutations
 + Level 1.0 Fire Magic
 + Level 1.0 Ice Magic
 + Level 1.0 Air Magic
 + Level 1.0 Earth Magic
 + Level 1.0 Poison Magic
 + Level 1.3 Invocations
 + Level 1.2 Evocations


You had 12 spell levels left.
You knew the following spells:

 Your Spells              Type           Power        Failure   Level  Hunger
a - Infusion              Chrm           ###.         1%          1    None


Dungeon Overview and Level Annotations

Branches:
Dungeon (3/15)

Altars:

Annotations:
D:3 Feta's ghost, amateur DgEE


Innate Abilities, Weirdness & Mutations

Your experience applies equally to all skills.
You have very sharp teeth.
Your uncanny sense of smell can sniff out nearby items.


Message History

The stone arrow misses you.
You hit the dart slug.
The dart slug is heavily wounded.
Feta's ghost gestures at you while chanting.
The stone arrow hits you! The dart slug launches a dart at you.
The slug dart hits you!
You are too injured to fight recklessly!
Feta's ghost casts a spell at you. The stone arrow hits you!
* * * LOW HITPOINT WARNING * * *
You see here a robe.
You are feeling hungry.
The dart slug launches a dart at you. The slug dart hits you!
* * * LOW HITPOINT WARNING * * *
Feta's ghost points at you and mumbles some strange words.
The stone arrow hits you!
Ouch! That really hurt!
You die...

#.#.......###.
#.#.##........
#.#....w#.#...
#.#..##.#.# .
#.........#
#.....W.###
##.#.##.#
#.#..#.#
#.##.#@#
#.##.#.#
#.....<#
####.### #.. #


You could see Feta's ghost and a dart slug.

Vanquished Creatures
  A hound (D:2)
  2 adders (D:2)
  A dart slug (D:2)
  A leopard gecko (D:1)
  7 bats
  3 giant cockroaches
  7 goblins
  6 hobgoblins
  5 kobolds
  2 quokkas (D:2)
  6 frilled lizards
  7 rats
48 creatures vanquished.

Notes
Turn   | Place    | Note
-------+----------+-------------------------------------------
     0 | D:1      | garbagetei the Gnoll Skald began the quest for the Orb.
     0 | D:1      | Reached XP level 1. HP: 20/20 MP: 6/6
     2 | D:1      | Noticed a dwarf
     2 | D:1      | Noticed a formicid
     4 | D:1      | Noticed a centaur
     4 | D:1      | Noticed an octopode
     6 | D:1      | Noticed a troll
     8 | D:1      | Noticed a naga
     8 | D:1      | Noticed a minotaur
    10 | D:1      | Noticed a draconian
    10 | D:1      | Noticed a demigod
    12 | D:1      | Noticed a spriggan
    12 | D:1      | Noticed an ogre
    14 | D:1      | Noticed a vine stalker
    16 | D:1      | Noticed a tengu
    16 | D:1      | Noticed a vampire
    18 | D:1      | Noticed a gargoyle
    20 | D:1      | Noticed a ghoul
    20 | D:1      | Noticed a halfling
    22 | D:1      | Noticed a felid
    22 | D:1      | Noticed an elf
    24 | D:1      | Noticed a merfolk
    24 | D:1      | Noticed a human
    26 | D:1      | Noticed a demonspawn
   126 | D:1      | You fall through a shaft!
   150 | D:2      | Reached XP level 2. HP: 22/26 MP: 7/7
   444 | D:2      | Reached XP level 3. HP: 14/31 MP: 9/9
   881 | D:2      | Reached skill level 5 in Spellcasting
   940 | D:2      | Reached skill level 1 in Invocations
  1048 | D:2      | Reached skill level 1 in Short Blades
  1048 | D:2      | Reached skill level 1 in Axes
  1048 | D:2      | Reached skill level 1 in Maces & Flails
  1048 | D:2      | Reached skill level 1 in Polearms
  1048 | D:2      | Reached skill level 1 in Staves
  1048 | D:2      | Reached skill level 1 in Slings
  1048 | D:2      | Reached skill level 1 in Bows
  1048 | D:2      | Reached skill level 1 in Crossbows
  1048 | D:2      | Reached skill level 1 in Throwing
  1048 | D:2      | Reached skill level 1 in Stealth
  1048 | D:2      | Reached skill level 1 in Shields
  1048 | D:2      | Reached skill level 1 in Unarmed Combat
  1048 | D:2      | Reached skill level 1 in Evocations
  1048 | D:2      | Reached XP level 4. HP: 12/38 MP: 8/11
  1881 | D:1      | Reached skill level 1 in Conjurations
  1881 | D:1      | Reached skill level 1 in Hexes
  1881 | D:1      | Reached skill level 1 in Summonings
  1881 | D:1      | Reached skill level 1 in Necromancy
  1881 | D:1      | Reached skill level 1 in Translocations
  1881 | D:1      | Reached skill level 1 in Transmutations
  1881 | D:1      | Reached skill level 1 in Fire Magic
  1881 | D:1      | Reached skill level 1 in Ice Magic
  1881 | D:1      | Reached skill level 1 in Air Magic
  1881 | D:1      | Reached skill level 1 in Earth Magic
  1881 | D:1      | Reached skill level 1 in Poison Magic
  2290 | D:3      | Noticed Feta's ghost (amateur DgEE)
  2298 | D:3      | HP: 1/38 [dart slug/slug dart (6)]
  2299 | D:3      | Killed from afar by Feta's ghost

Skill      XL: |  1  2  3  4 |
---------------+-------------+-----
Spellcasting   | 5 |  5.1
Invocations    | 1 |  1.3
Short Blades   | 1 |  1.2
Axes           | 1 |  1.2
Maces & Flails | 1 |  1.2
Polearms       | 1 |  1.2
Staves         | 1 |  1.2
Slings         | 1 |  1.2
Bows           | 1 |  1.2
Crossbows      | 1 |  1.2
Throwing       | 1 |  1.2
Stealth        | 1 |  1.2
Shields        | 1 |  1.2
Unarmed Combat | 1 |  1.2
Evocations     | 1 |  1.2
Conjurations   | 1 |  1.0
Hexes          | 1 |  1.0
Summonings     | 1 |  1.0
Necromancy     | 1 |  1.0
Translocations | 1 |  1.0
Transmutations | 1 |  1.0
Fire Magic     | 1 |  1.0
Ice Magic      | 1 |  1.0
Air Magic      | 1 |  1.0
Earth Magic    | 1 |  1.0
Poison Magic   | 1 |  1.0
Fighting       | |  4.6
Long Blades    | |  4.6
Armour         | |  2.8
Dodging        | |  4.6
Charms         | |  5.5

Action                   |  1- 3 |  4- 6 || total
-------------------------+-------+-------++-------
Melee: Falchion          |    70 |    60 ||   130
       Bite              |     6 |     8 ||    14
       Punch             |       |     1 ||     1
Throw: Javelin           |       |     1 ||     1
 Cast: Infusion          |     1 |       ||     1
  Use: Potion            |     1 |       ||     1
       Scroll            |       |     1 ||     1
 Stab: Sleeping          |     1 |     3 ||     4
  Eat: Chunk             |       |     4 ||     4
Armor: Leather armour    |    10 |     9 ||    19
Dodge: Dodged            |    52 |    48 ||   100
       Rpst.: Falchion   |    15 |    13 ||    28
